 Dungeon Crawl Stone Soup version 0.26-a0-651-gb41185065b (webtiles) character file.

Game seed: 2106691968999620609

145 grandjackal the Ducker (level 5, -4/41 HPs)
             Began as a Demonspawn Gladiator on Sept 30, 2020.
             Slain by Crazy Yiuf
             ... wielding a +3 quarterstaff of chaos
              (7 damage)
             ... on level 3 of the Dungeon.
             The game lasted 00:02:34 (2679 turns).

grandjackal the Ducker (Demonspawn Gladiator)       Turns: 2679, Time: 00:02:34

Health: -4/41      AC:  7    Str: 15    XL:     5   Next: 6%
Magic:  5/5        EV: 13    Int: 10    God:
Gold:   303        SH:  0    Dex: 14    Spells: 4/4 levels left

rFire    . . .     SeeInvis .     - Unarmed
rCold    . . .     Faith    .   (no shield)
rNeg     . . .     Spirit   .   l - +0 leather armour (curse)
rPois    .         Reflect  .   c - +0 helmet
rElec    .         Harm     .   j - +0 cloak
rCorr    .         Rampage  .   (no gloves)
MR       .....                  (no boots)
Stlth    ..........             i - amulet of the acrobat
HPRegen  0.13/turn              v - ring of attention (curse)
MPRegen  0.09/turn              (no ring)

@: no status effects
A: claws 2, yellow scales 1
a: no special abilities


You were on level 3 of the Dungeon.
You visited 1 branch of the dungeon, and saw 3 of its levels.

You collected 303 gold pieces.

Inventory:

Hand Weapons
 a - a +0 long sword
Missiles
 d - a throwing net (quivered)
 m - 17 poisoned darts
Armour
 c - a +0 helmet (worn)
 j - a +0 cloak (worn)
 l - a cursed +0 leather armour (worn)
 q - a +0 scale mail
Jewellery
 i - an amulet of the acrobat (around neck)
 v - a cursed ring of attention (left claw)
Scrolls
 b - 2 scrolls of identify {unknown}
 e - 2 scrolls of blinking {unknown}
 f - 2 scrolls of magic mapping {unknown}
 g - 4 scrolls of remove curse {unknown}
 h - a scroll of fear {unknown}
 n - a scroll of fog {unknown}
 p - a scroll of teleportation {unknown}
 r - a scroll of noise {unknown}
 w - a scroll of amnesia {unknown}
Potions
 k - a potion of cancellation {unknown}
 o - 2 potions of stabbing {unknown}
 s - 2 potions of degeneration {unknown}
 t - a potion of magic {unknown}
 u - a potion of curing {unknown}
 x - a potion of might


   Skills:
 + Level 3.2 Fighting
 - Level 2.9 Long Blades
 - Level 1.7 Throwing
 + Level 3.5 Dodging
 * Level 2.5 Unarmed Combat


You had 4 spell levels left.
You didn't know any spells.
Your spell library was empty.

Dungeon Overview and Level Annotations

Branches:
Dungeon (3/15)

Altars:
Nemelex Xobeh

Annotations:
D:3 Crazy Yiuf


Innate Abilities, Weirdness & Mutations

You have very sharp fingernails.
You are partially covered in yellow scales. (AC +2)


Message History

Crazy Yiuf struggles against the net.
You claw Crazy Yiuf!
Crazy Yiuf is almost dead.
Crazy Yiuf cries, "Paint pontify Hive!"
Crazy Yiuf struggles against the net.
The net rips apart, and Crazy Yiuf comes free!
You barely miss Crazy Yiuf.
Crazy Yiuf is almost dead.
Crazy Yiuf grits, "East sanguine bag!"
Crazy Yiuf hits you with a +3 quarterstaff of chaos!!
Ouch! That really hurt!
You convulse!
* * * LOW HITPOINT WARNING * * *
Throwing (i - inventory. (/) - cycle)
d - 2 throwing nets (quivered)
Press: ? - help, Shift-Dir - straight line, f/p - Crazy Yiuf
Aim: Crazy Yiuf, wielding a +3 quarterstaff of chaos and wearing a +0 cloak (almost dead, strong)
You throw a throwing net.
The throwing net closely misses Crazy Yiuf.
Crazy Yiuf hits you with a +3 quarterstaff of chaos!
You die...

#....#
#.....# #
♣....♣
#..)..# #
♣♣...♣
#######
♣♣.♣♣
##########
♣♣.♣
#........###
♣.♣♣
#...........
♣♣.♣
#........###
♣.♣♣
#.....>(.#
#@#
#........#
#.g.#
#........#
#...#
##########
#)(.# #####


You could see Crazy Yiuf (strong).

Vanquished Creatures
  5 adders
  2 oozes
  3 adder skeletons (D:2)
  2 worms
  A dart slug (D:3)
  2 leopard geckos
  9 orcs
  A ball python (D:1)
  A bat skeleton (D:2)
  2 bat zombies (D:2)
  A giant cockroach (D:3)
  6 hobgoblins
  9 kobolds
  A quokka (D:3)
  6 bats
  2 frilled lizards
  3 goblins
  10 rats
66 creatures vanquished.

Vanquished Creatures (others)
  10 fungi (D:3)
  2 toadstools (D:3)
12 creatures vanquished.

Grand Total: 78 creatures vanquished

Notes
Turn   | Place    | Note
-------+----------+-------------------------------------------
     0 | D:1      | grandjackal the Demonspawn Gladiator began the quest for
                  | the Orb.
     0 | D:1      | Reached XP level 1. HP: 16/16 MP: 1/1
   322 | D:1      | Gained mutation: You have sharp fingernails. [demonic
                  | ancestry]
   322 | D:1      | Reached XP level 2. HP: 14/22 MP: 2/2
  1154 | D:2      | Reached skill level 1 in Unarmed Combat
  1154 | D:2      | Gained mutation: You have very sharp fingernails. [demonic
                  | ancestry]
  1154 | D:2      | Reached XP level 3. HP: 25/28 MP: 3/3
  1853 | D:3      | Found a runed translucent door.
  1854 | D:3      | Noticed Crazy Yiuf
  1897 | D:3      | Gained mutation: You are partially covered in yellow
                  | scales. (AC +2) [demonic ancestry]
  1897 | D:3      | Reached XP level 4. HP: 33/34 MP: 4/4
  2160 | D:3      | Found a sparkling altar of Nemelex Xobeh.
  2473 | D:3      | Found a faded altar of an unknown god.
  2475 | D:3      | Reached XP level 5. HP: 41/41 MP: 5/5
  2679 | D:3      | Slain by Crazy Yiuf

Illustrated notes

Levels and vault maps discovered:
D:1:      heliophobic_arrival_glass_houses, layout_basic,
          minmay_indecisive_spiral
D:2:      layout_loops_ring, serial_undead, serial_undead_e, serial_undead_a,
          serial_undead_f, serial_undead_a, serial_undead_b, serial_undead_d
D:3:      layout_rooms, chequers_ecumenical_altar_twisty, dk_vineyard_1,
          minmay_gold_behind_fungi, nemelex_dance_club_becter,
          uniq_crazy_yiuf_cottage

Skill      XL: |  1  2  3  4 |
---------------+-------------+-----
Dodging        | 3 |  3.5
Unarmed Combat | 1 2 |  2.5
Fighting       | 3 |  3.2
Long Blades    | |  2.9
Throwing       | |  1.7

Action                   |  1- 3 |  4- 6 || total
-------------------------+-------+-------++-------
Melee: Long sword        |    52 |       ||    52
       Unarmed           |    55 |    88 ||   143
       Punch             |     2 |       ||     2
Throw: Throwing net      |       |     2 ||     2
 Stab: Sleeping          |     1 |       ||     1
       Held in net/web   |       |     1 ||     1
Armor: Leather armour    |    48 |    29 ||    77
Dodge: Dodged            |   116 |    57 ||   173
       Rpst.: Long sword |    11 |       ||    11

Table legend: (Time is in decaauts)
 A = Elapsed time spent in this place.
 B = Non-inter-level travel time spent in this place.
 C = Inter-level travel time spent in this place.
 D = Time resting spent in this place.
 E = Time spent auto-exploring this place.
 F = Levels seen in this place.
 G = Mean time per level.
                   A        B        C        D        E       F      G
               +--------+--------+--------+--------+--------+-----+--------+
         Total |   2689 |   2623 |     66 |    409 |   1772 |   3 |  896.3 |
       Dungeon |   2689 |   2623 |     66 |    409 |   1772 |   3 |  896.3 |
               +--------+--------+--------+--------+--------+-----+--------+

Top non-repeatable levels by time:
     D:1: 946 daAuts
     D:3: 936 daAuts
     D:2: 806 daAuts
